 Dungeon Crawl Stone Soup version 0.28.0-53-g5a82cb258f (webtiles) character file.

Game seed: 9659683178759197131

140595 pkoi the Destroyer (level 16, -22/132 HPs)
             Began as a Demigod Conjurer on June 6, 2022.
             Annihilated by a bunyip (49 damage)
             ... called by a spriggan druid
             ... on level 3 of the Swamp.
             The game lasted 01:19:16 (40271 turns).

pkoi the Destroyer (Demigod Conjurer)              Turns: 40271, Time: 01:19:16

Health: -22/132    AC:  6    Str:  8    XL:     16   Next: 25%
Magic:  14/30      EV: 23    Int: 40    God:
Gold:   3641       SH:  0    Dex: 12    Spells: 5/28 levels left

rFire   + . .      SeeInvis .   E - +7 Spriggan's Knife {stab, EV+4 Stlth+}
rCold   . . .      Faith    .   (no shield)
rNeg    . . .      Spirit   .   x - +2 robe {Archmagi}
rPois   .          Reflect  .   (no helmet)
rElec   .          Harm     .   D - scarf {repulsion}
rCorr   .          Rampage  .   (no gloves)
Will    +....      Archmagi +   c - +1 pair of boots
Stlth   +++++.....              K - amulet of regeneration
HPRegen 1.12/turn               f - +4 ring of evasion
MPRegen 0.22/turn               r - ring of protection from fire

@: lethally poisoned (-22 -> -22), about to teleport, repel missiles
A: high MP 1, forlorn, divine attributes
a: no special abilities


You were on level 3 of the Swamp.
You visited 4 branches of the dungeon, and saw 23 of its levels.
You also visited: Bailey.

You collected 3641 gold pieces.

Inventory:

Hand Weapons
 v - the +7 dagger "Luvvoem" {flame, Will+ Int+7}
   (You found it in a bailey)

   It burns those it strikes, dealing additional fire damage.
   Int:       It affects your intelligence (+7).
   Will:      It increases your willpower.
 B - the +5 short sword "Fing" {venom, rN++}
   (You found it on level 6 of the Lair of Beasts)

   It poisons the flesh of those it strikes.
   rN:        It greatly protects you from negative energy.
 E - the +7 Spriggan's Knife (weapon) {stab, EV+4 Stlth+}
   (You found it in a bailey)

   It is more effective when stabbing unaware enemies, treating them as though
   they were completely helpless.
   EV:        It affects your evasion (+4).
   Stlth:     It makes you more stealthy.
Missiles
 J - 5 throwing nets
Armour
 c - a +1 pair of boots (worn)
 x - a +2 robe of the Archmagi (worn)
 D - a scarf of repulsion (worn)
Magical Staves
 g - a staff of conjuration
Jewellery
 f - a +4 ring of evasion (left hand)
 r - a ring of protection from fire (right hand)
 t - a ring of ice
 A - a ring of fire
 I - a ring of wizardry
 K - an amulet of regeneration (around neck)
 N - a ring of willpower
Wands
 d - a wand of digging (4)
 i - a wand of acid (5)
 n - a wand of polymorph (7)
 o - a wand of mindburst (6)
 w - a wand of paralysis (16)
 G - a wand of charming (7)
 H - a wand of iceblast (23)
Scrolls
 a - 3 scrolls of identify
 b - 3 scrolls of fog
 e - 4 scrolls of fear
 l - a scroll of magic mapping
 q - 2 scrolls of summoning
 z - 2 scrolls of amnesia
 C - 2 scrolls of blinking
 L - 4 scrolls of brand weapon
 M - 4 scrolls of enchant armour
 O - 2 scrolls of enchant weapon
 Q - a scroll of silence
Potions
 h - 5 potions of heal wounds
 j - 5 potions of flight
 k - 5 potions of haste
 m - a potion of cancellation
 p - 2 potions of invisibility
 s - 9 potions of curing
 u - 3 potions of resistance
 F - 2 potions of might


   Skills:
 - Level 9.0 Fighting
 + Level 8.8 Short Blades
 + Level 3.1 Armour
 - Level 9.0 Dodging
 - Level 9.4 Stealth
 + Level 6.7 Spellcasting
 + Level 11.9 Conjurations
 - Level 9.0 Hexes
 - Level 6.0 Translocations
 - Level 3.0 Transmutations
 - Level 9.0 Fire Magic
 - Level 3.0 Air Magic
 - Level 6.0 Poison Magic
 + Level 2.3 Evocations


You had 5 spell levels left.
You knew the following spells:

 Your Spells              Type           Power      Damage    Failure   Level
a - Magic Dart            Conj           100%       1d8       1%          1
b - Searing Ray           Conj           100%       2d8       1%          2
c - Iskenderun's Mystic   Conj/Tloc      91%        2d18      1%          4
d - Fulminant Prism       Conj/Hex       49%        3d21      1%          4
e - Poisonous Vapours     Pois/Air       100%       N/A       1%          2
f - Sticky Flame          Conj/Fire      98%        2d11      1%          4
g - Ignite Poison         Fire/Tmut/Pois 75%        N/A       1%          3
h - Dazzling Flash        Conj/Hex       100%       N/A       1%          3

Your spell library contained the following spells:

 Spells                   Type           Power      Damage    Failure   Level
 Shock                    Conj/Air       100%       1d9       1%          1
 Slow                     Hex            100%       N/A       1%          1
 Corpse Rot               Necr/Air       76%        N/A       1%          2
 Scorch                   Fire           100%       2d10      1%          2
 Wereblood                Tmut           54%        N/A       1%          2
 Confusing Touch          Hex            91%        N/A       1%          3
 Conjure Flame            Conj/Fire      98%        6-21      1%          3
 Flame Wave               Conj/Fire      98%        2d16      1%          4
 Freeze                   Ice            80%        1d9       2%          1
 Swiftness                Air            54%        N/A       2%          3
 Hailstorm                Conj/Ice       75%        3d15      2%          4
 Sublimation of Blood     Necr           20%        N/A       3%          2
 Irradiate                Conj/Tmut      41%        3d27      3%          5
 Airstrike                Air            27%        N/A       7%          4
 Frozen Ramparts          Ice            40%        1d6       8%          3
 Vampiric Draining        Necr           20%        2d7       8%          3
 Ice Form                 Ice/Tmut       38%        N/A       13%         4
 Petrify                  Tmut/Erth      38%        N/A       13%         4
 Summon Ice Beast         Ice/Summ       20%        N/A       24%         4
 Starburst                Conj/Fire      49%        6d13      5%          6
 Conjure Ball Lightning   Conj/Air       41%        3x3d13    19%         6
 Summon Cactus Giant      Summ           10%        N/A       98%         6
 Discord                  Hex            45%        N/A       99%         8
 Summon Hydra             Summ           10%        N/A       100%        7
 Disjunction              Tloc           37%        N/A       100%        8


Dungeon Overview and Level Annotations

Branches:
Dungeon (13/15)            Temple (1/1) D:5            Lair (6/6) D:9
  Swamp (3/4) Lair:2       Spider (0/4) Lair:4        Slime (0/5) Lair:5
    Orc (0/2) D:10         Bailey (visited)
 Vaults: D:13-14

Annotations:
D:12 Kirke, Nessos
Swamp:1 Roxanne
Swamp:3 3 runed translucent doors


Innate Abilities, Weirdness & Mutations

You have an increased reservoir of magic. (+10% MP)
You shall have no god before yourself.
Your divine heritage dramatically boosts your attributes as you level up.


Message History

The mystic blast hits the spriggan rider!
The spriggan rider is severely wounded.
The spriggan rider is knocked back by the mystic blast.
The spriggan rider collides with the bunyip!
The bunyip is lightly wounded.
You kill the spriggan!
The hornet is almost dead.
You feel sick.
The spriggan rider hits you from afar with a +0 spear!!
* * * LOW HITPOINT WARNING * * *
Your fulminant prism explodes!
The blast of energy engulfs the hornet!!!
You kill the hornet!
The blast of energy engulfs the bunyip!!!
The bunyip is severely wounded.
The blast of energy engulfs the hornet!!!
You kill the hornet!
Your Armour skill increases to level 3!
Unknown command.
You feel sick. The tyrant leech closely misses you.
Casting: Iskenderun's Mystic Blast (mildly dangerous; 1% risk of failure)
Confirm with . or Enter, or press ? or * to list all spells.
You feel a surge of power!
You erupt in a blast of force!
The mystic blast hits the spriggan rider!!
The spriggan rider is severely wounded.
The spriggan rider is knocked back by the mystic blast.
The mystic blast hits the tyrant leech!!
The tyrant leech is heavily wounded.
The tyrant leech is knocked back by the mystic blast.
You feel sick.
A tyrant leech comes into view.
The bunyip howls a warning cry!
You hear a roar!
Unknown command.
You feel sick.
As you read the scroll of teleportation, it crumbles to dust.
You feel strangely unstable.
You feel sick. The bunyip claws you!
* * * LOW HITPOINT WARNING * * *
The bunyip completely misses you. The bunyip claws you!!!
You die...

♣ ♣♣♣...≈<≈.≈ ♣.♣♣♣♣ ♣♣≈≈.≈......
♣....♣♣♣ ♣♣.≈...≈≈≈≈..
♣♣♣♣†.≈♣♣♣♣ ♣.≈§≈§..≈≈≈.≈
♣≈♣...♣≈♣♣♣ ♣...♣♣♣≈♣♣..≈
♣.i≈.≈.♣.).≈♣ ♣♣♣♣♣ ♣♣♣♣...
♣.≈≈≈..).≈≈.♣♣ ♣♣≈♣ ♣♣..≈≈
...$≈≈≈.≈≈§≈..♣♣♣♣..♣♣ ♣♣♣..≈≈≈
..≈...≈≈≈.≈†≈ix@≈w....♣ ♣§≈≈≈≈≈≈
..≈≈...≈§≈♣≈.≈≈≈(w.≈≈..♣♣♣♣≈≈≈≈≈≈
ii≈...≈..≈♣.≈.....≈≈≈≈.§♣♣♣≈≈≈≈≈≈
≈♣..≈≈♣♣♣≈≈≈.§≈≈≈≈≈≈...≈♣≈≈≈≈≈≈
♣.≈♣ ♣≈≈♣≈.≈≈≈≈≈≈.♣..♣♣≈≈§≈≈≈
♣≈..♣♣♣.≈≈§≈≈§♣≈..≈.≈≈≈.≈ ≈§..
♣≈≈≈≈..≈♣.≈≈§§≈≈..≈ ≈≈
..≈♣♣.≈♣♣≈.))§.≈≈..≈≈ ♣≈≈
♣≈≈♣♣≈≈≈≈≈.......


You could see a bunyip (strong), 2 tyrant leeches and a spriggan rider.

Vanquished Creatures
  An azure jelly (Lair:6)
  An orc warlord (Bailey)
  2 eleionomae
  2 bunyips
  2 fire dragons
  Harold (D:8)
  2 boulder beetles
  Fannar (D:11)
  9 hydras
  A ghost crab (Swamp:1)
  A centaur warrior (D:13)
  6 alligators
  Erica (D:8)
  2 catoblepae (Lair:2)
  4 two-headed ogres
  6 death yaks
  7 spriggans
  A fire crab (Lair:5)
  2 skeletal warriors (D:13)
  5 goliath frogs
  3 spriggan druids
  A death drake (Swamp:1)
  5 bog bodies
  3 swamp dragons
  2 lindwurms
  Pikel (D:8)
  An oklob plant (Lair:5)
  A cyclops (D:8)
  An ugly thing (D:11)
  A wolf spider (Lair:6)
  2 manticores (D:11)
  An ice statue (Lair:4)
  16 elephants
  Maurice (D:12)
  10 black mambas
  A gargoyle (D:10)
  A guardian serpent (Lair:6)
  A torpor snail (Lair:6)
  20 cane toads
  8 komodo dragons
  An anaconda simulacrum (Lair:4)
  5 rime drakes
  An ice devil (Lair:4)
  4 trolls
  4 polar bears
  7 slime creatures
  6 tyrant leeches
  18 blink frogs
  9 hornets
  7 dream sheep (Lair:6)
  A shadow (D:11)
  19 wyverns
  A wraith (D:11)
  A culicivora (Lair:4)
  36 yaks
  8 basilisks
  A hog (D:11)
  A death yak simulacrum (Lair:4)
  A warg (D:9)
  5 redbacks
  2 vampire mosquitoes (D:8)
  3 steam dragons
  2 acid dragons
  25 water moccasins
  10 swamp worms
  A sky beast (D:6)
  2 ice beasts (D:6)
  7 orc warriors
  4 swamp drakes (Lair:6)
  2 black bears (D:9)
  2 necrophages
  15 wolves
  6 centaurs
  3 ogres
  A phantom (D:5)
  2 kobold brigands
  3 gnoll sergeants (D:7)
  3 scorpions
  12 bullfrogs
  Blork the orc (D:6)
  2 water moccasin zombies (D:4)
  A water moccasin skeleton (D:4)
  3 killer bees (D:9)
  9 wights
  2 electric eels
  13 howler monkeys
  2 centaur zombies
  4 jellies (Lair:6)
  A bullfrog zombie (D:4)
  2 bullfrog skeletons
  15 orc priests
  4 hounds
  7 scorpion zombies (D:4)
  6 iguanas
  Jessica (D:3)
  Ijyb (D:3)
  7 orc wizards
  A spriggan simulacrum (Lair:4)
  Terence (D:3)
  A troll simulacrum (Lair:4)
  A killer bee zombie (D:7)
  A wolf simulacrum (Lair:4)
  2 hound zombies (D:4)
  2 hound skeletons (D:4)
  22 gnolls
  12 adders
  2 howler monkey skeletons (D:4)
  2 shadow imps
  2 ufetubi
  4 adder zombies (D:4)
  An adder skeleton (D:4)
  2 worms
  A dart slug (D:5)
  30 orcs
  7 bats
  7 endoplasms
  3 giant cockroaches
  12 goblins
  13 hobgoblins
  3 jackals (D:3)
  A quokka (D:2)
  7 ball pythons
  3 frilled lizards
  A jackal skeleton (D:4)
  21 kobolds
  A quokka skeleton (D:4)
  A quokka zombie (D:4)
  9 rats
635 creatures vanquished.

Vanquished Creatures (others)
  A goliath frog (Swamp:1)
  158 fulminant prisms
  95 fungi
  142 plants
  3 withered plants (D:4)
399 creatures vanquished.

Grand Total: 1034 creatures vanquished

Notes
Turn   | Place    | Note
-------+----------+-------------------------------------------
     0 | D:1      | pkoi the Demigod Conjurer began the quest for the Orb.
     0 | D:1      | Reached XP level 1. HP: 14/14 MP: 5/5
   279 | D:1      | Reached skill level 4 in Conjurations
   660 | D:1      | Reached XP level 2. HP: 20/20 MP: 4/7
  1156 | D:2      | Learned a level 2 spell: Searing Ray
  1490 | D:2      | Reached XP level 3. HP: 26/26 MP: 6/8
  2408 | D:3      | Reached skill level 5 in Conjurations
  2530 | D:3      | Noticed an orc warrior
  2552 | D:3      | Reached XP level 4. HP: 20/33 MP: 0/10
  2829 | D:3      | Noticed Ijyb
  2836 | D:3      | Killed Ijyb
  3005 | D:3      | Noticed Terence
  3085 | D:4      | Reached XP level 5. HP: 23/38 MP: 1/11
  3364 | D:4      | Reached skill level 6 in Conjurations
  3557 | D:4      | Noticed a necrophage
  3563 | D:4      | Noticed an ogre
  3578 | D:4      | Killed an ogre
  3579 | D:4      | Reached XP level 6. HP: 25/45 MP: 9/13
  3717 | D:4      | Learned a level 4 spell: Iskenderun's Mystic Blast
  3751 | D:4      | Reached skill level 1 in Fighting
  3751 | D:4      | Reached skill level 1 in Translocations
  4178 | D:4      | Reached XP level 7. HP: 41/52 MP: 6/14
  4208 | D:4      | Reached skill level 7 in Conjurations
  4394 | D:4      | Learned a level 4 spell: Fulminant Prism
  4915 | D:3      | Noticed Jessica
  4920 | D:3      | Killed Jessica
  5340 | D:3      | Killed Terence
  5386 | D:3      | Reached skill level 1 in Hexes
  6160 | D:5      | Entered Level 5 of the Dungeon
  6369 | D:5      | Found a staircase to the Ecumenical Temple.
  6424 | D:5      | Reached XP level 8. HP: 43/62 MP: 7/16
  6425 | Temple   | Entered the Ecumenical Temple
  6623 | D:5      | Identified a scroll of acquirement
  6623 | D:5      | Acquired a staff of conjuration
  6824 | D:5      | Learned a level 2 spell: Poisonous Vapours
  7148 | D:5      | Reached skill level 1 in Poison Magic
  7298 | D:5      | Reached skill level 1 in Air Magic
  9146 | D:6      | Noticed Blork the orc
  9149 | D:6      | Killed Blork the orc
  9285 | D:6      | Reached skill level 8 in Conjurations
  9533 | D:7      | Reached XP level 9. HP: 69/69 MP: 9/18
 10971 | D:7      | Identified the +3 robe of Yredelemnul's Grace {rCorr Str+3}
 11457 | D:7      | Reached skill level 5 in Spellcasting
 11490 | D:6      | Learned a level 4 spell: Sticky Flame
 12037 | D:8      | Reached skill level 5 in Translocations
 12396 | D:8      | Noticed Harold
 12529 | D:8      | Found a flagged portal.
 12538 | Bailey   | Entered a bailey
 12603 | Bailey   | Noticed an orc warlord
 12772 | Bailey   | Found the +7 Spriggan's Knife {stab, EV+4 Stlth+}
 12818 | Bailey   | Reached skill level 1 in Fire Magic
 12992 | Bailey   | Found a runed translucent gate.
 12995 | Bailey   | Found a runed translucent gate.
 12997 | Bailey   | Found a runed translucent gate.
 13294 | Bailey   | Killed an orc warlord
 13295 | Bailey   | Reached skill level 5 in Hexes
 13295 | Bailey   | Reached XP level 10. HP: 67/77 MP: 20/22
 13316 | Bailey   | Identified the +7 dagger "Luvvoem" {flame, Will+ Int+7}
 13411 | D:8      | Noticed Erica
 13425 | D:8      | Killed Erica
 13662 | D:8      | Noticed Pikel
 13680 | D:8      | Killed Pikel
 13681 | D:8      | Reached skill level 1 in Short Blades
 13883 | D:8      | Learned a level 3 spell: Ignite Poison
 14267 | D:8      | Noticed a cyclops
 14290 | D:8      | Killed a cyclops
 14798 | D:8      | Killed Harold
 14799 | D:8      | Reached skill level 1 in Transmutations
 16220 | D:9      | Reached XP level 11. HP: 84/84 MP: 19/24
 16485 | D:9      | Found a staircase to the Lair.
 16798 | Lair:1   | Entered Level 1 of the Lair of Beasts
 17178 | Lair:1   | Reached skill level 9 in Conjurations
 17226 | Lair:1   | Identified the +1 rapier "Culok" {protect, rN+ Str+8 Dex-3}
 17894 | Lair:1   | Reached skill level 5 in Fighting
 18307 | Lair:1   | Noticed a fire dragon
 18664 | Lair:2   | Noticed a catoblepas
 18671 | Lair:2   | Killed a catoblepas
 19295 | Lair:2   | Noticed a seven-headed hydra
 19297 | Lair:2   | Noticed a catoblepas
 19422 | Lair:2   | Reached skill level 5 in Stealth
 19778 | Lair:2   | Killed a seven-headed hydra
 19947 | Lair:2   | Killed a catoblepas
 20141 | Lair:2   | Reached skill level 5 in Fire Magic
 20348 | Lair:2   | Found a staircase to the Swamp.
 20388 | Lair:2   | Noticed an eight-headed hydra
 20398 | Lair:2   | Killed an eight-headed hydra
 20399 | Lair:2   | Reached XP level 12. HP: 95/95 MP: 10/25
 20990 | Lair:2   | Acquired 826 gold pieces
 21526 | Lair:3   | Reached skill level 5 in Poison Magic
 21760 | Lair:3   | Noticed an eight-headed hydra
 21822 | Lair:3   | Killed an eight-headed hydra
 21823 | Lair:3   | Reached skill level 5 in Short Blades
 23064 | Lair:4   | Noticed a boulder beetle
 23129 | Lair:4   | Reached XP level 13. HP: 103/103 MP: 26/26
 23132 | Lair:4   | Acquired 784 gold pieces
 23134 | Lair:4   | Reached skill level 10 in Conjurations
 23134 | Lair:4   | Reached XP level 14. HP: 111/111 MP: 27/27
 25223 | Lair:4   | Found a hole to the Spider Nest.
 26853 | Lair:4   | Learned a level 3 spell: Dazzling Flash
 27470 | Lair:5   | You fall into a shaft and drop 1 floor!
 27470 | Lair:6   | Entered Level 6 of the Lair of Beasts
 27702 | Lair:6   | Reached XP level 15. HP: 116/119 MP: 9/28
 28381 | Lair:5   | Found a staircase to the Slime Pits.
 29083 | Lair:6   | Noticed an azure jelly
 29090 | Lair:6   | Killed an azure jelly
 30154 | Lair:6   | Reached skill level 11 in Conjurations
 31931 | Lair:6   | Identified the +5 short sword "Fing" {venom, rN++}
 32791 | D:10     | Entered Level 10 of the Dungeon
 32890 | D:10     | Found a staircase to the Orcish Mines.
 33682 | D:10     | You fall into a shaft and drop 3 floors!
 33798 | D:12     | Noticed Maurice
 33819 | D:12     | Killed Maurice
 34011 | D:12     | Noticed Kirke
 34052 | D:12     | Noticed Nessos
 34055 | D:11     | Noticed Fannar
 35195 | D:11     | Killed Fannar
 36200 | Swamp:1  | Entered Level 1 of the Swamp
 36907 | Swamp:1  | Reached skill level 1 in Armour
 37455 | Swamp:1  | Identified Roxanne's Almanac of Transmigration
 37455 | Swamp:1  | Noticed Roxanne
 38039 | Swamp:1  | Reached XP level 16. HP: 132/132 MP: 17/29
 38646 | Swamp:2  | Paralysed by a hornet for 3 turns
 38832 | Swamp:2  | Reached skill level 1 in Evocations
 40006 | Swamp:3  | Found a runed translucent gate.
 40006 | Swamp:3  | Found a runed translucent gate.
 40006 | Swamp:3  | Found a runed translucent gate.
 40271 | Swamp:3  | Annihilated by a bunyip

Illustrated notes

Levels and vault maps discovered:
D:1:      psy_arrival_heroes, layout_loops_cross, serial_forest,
          infiniplex_forest_clump_small, infiniplex_forest_lined_2,
          infiniplex_forest_clump_diagonal, infiniplex_forest_lined_room_,
          infiniplex_forest_straight_3, minmay_rat_gold_closets
D:2:      layout_loops_ring, shapermc_ecumenical_altar_totnotflames,
          minmay_misc_feat_nine_boxes, chequers_jeans
D:3:      layout_basic, uniq_jessica, uniq_terence, uniq_ijyb
D:4:      layout_cave_pools, nicolae_vehumet_altar_sigil, serial_undead,
          serial_undead_f, serial_undead_d, serial_undead_a, serial_undead_a,
          serial_undead_c, serial_undead_f, serial_undead_f,
          grunt_ministairs_14, minmay_fractal_squares_5
D:5:      layout_gridville, minmay_temple_entry_offerings
D:6:      layout_cave_pods, serial_glass, glass_columns_b, glass_columns_a,
          due_unseen_surprise, uniq_blork_the_orc
D:7:      layout_gridville, david_defended_altar_orc
D:8:      layout_layer_cave, enter_bailey_2, uniq_harold, uniq_erica, uniq_pikel
D:9:      layout_roguey, grunt_lair_entry_orc_guard_hut, minivault_1
D:10:     layout_cave_pools, erik_orc_3
D:11:     kennysheep_six_static_rooms, layout_rooms, minivault_14, uniq_fannar
D:12:     layout_rooms, uniq_maurice, uniq_kirke, uniq_nessos
D:13:     layout_cave_pools, david_vaults_4
Temple:   compressed_dpeg_circular_temple
Lair:1:   dragon1_lemuel, layout_long_grid, cheibrodos_lair_reptile_den,
          serial_bayou_shore_a
Lair:2:   layout_chaotic_city, palyth_hydra_swamp_entry, lemuel_old_faithful,
          lemuel_fruit_tree
Lair:3:   nzn_winding_woodlands_small [nzn_winding_woodlands_5x15_split_checker,
          nzn_winding_woodlands_center_garden,
          nzn_winding_woodlands_5x15_concentric], layout_concentric_octagons,
          minivault_24
Lair:4:   dreamdust_isle_of_ice, layout_cave_pods, spider_nest_entry_funnel_web,
          grunt_megastairs_3
Lair:5:   layout_roguey, dpeg_slime_entry_enclosed_altar
Lair:6:   hangedman_lair_tendril_chambers, layout_cave_pods,
          guppyfry_lair_end_dragon, portal_ice_cave_entry_pillars_1,
          nicolae_lair_time_for_slime
Swamp:1:  layout_falls_marsh, evilmike_swamp_ruin_house_2, swamp_pool3,
          uniq_roxanne
Swamp:2:  layout_basic_swamp, nicolae_swamp_oxbows, ldierk_geyser
Swamp:3:  layout_basic_swamp, gammafunk_ghost_hydra_chop,
          nicolae_swamp_triple_paths

Skill      XL: |  1  2  3  4  5  6  7  8  9 10 11 12 13 14 15 16 |
---------------+-------------------------------------------------+-----
Conjurations   | 4 5 6 7 8 9 10 11 | 11.9
Spellcasting   | 2 3 4 5 6 |  6.7
Dodging        | 2 3 6 7 9 |  9.0
Fighting       | 1 2 3 4 5 6 7 9 |  9.0
Translocations | 1 2 3 5 6 |  6.0
Hexes          | 2 3 5 7 8 9 |  9.0
Poison Magic   | 2 3 4 5 6 |  6.0
Air Magic      | 2 3 |  3.0
Fire Magic     | 2 3 5 6 7 8 9 |  9.0
Stealth        | 3 5 6 7 9 |  9.4
Short Blades   | 2 4 5 6 8 |  8.8
Transmutations | 2 3 |  3.0
Armour         | 1 3 |  3.1
Evocations     | 2 |  2.3

Action                   |  1- 3 |  4- 6 |  7- 9 | 10-12 | 13-15 | 16-18 || total
-------------------------+-------+-------+-------+-------+-------+-------++-------
Melee: Whip              |       |    18 |     3 |     8 |       |       ||    29
       Punch             |       |     1 |       |     1 |       |       ||     2
       Staff             |       |       |     9 |    18 |     8 |       ||    35
       Knife             |       |       |       |     8 |    70 |     2 ||    80
       Dagger            |       |       |       |       |     5 |       ||     5
 Cast: Magic Dart        |    84 |    69 |   182 |    25 |    40 |       ||   400
       Searing Ray       |     1 |    13 |    36 |     1 |     1 |       ||    52
       Fulminant Prism   |       |       |    37 |    39 |    79 |     3 ||   158
       Iskenderun's Myst |       |       |    13 |    39 |    84 |     9 ||   145
       Poisonous Vapours |       |       |     9 |    84 |   157 |    32 ||   282
       Ignite Poison     |       |       |       |    50 |   100 |    21 ||   171
       Sticky Flame      |       |       |       |     9 |     1 |       ||    10
       Dazzling Flash    |       |       |       |       |    32 |     3 ||    35
Evoke: Wand              |       |       |       |       |     6 |       ||     6
  Use: Potion            |     2 |       |       |     1 |     1 |       ||     4
       Scroll            |       |     1 |    14 |     8 |     9 |     1 ||    33
 Stab: Sleeping          |       |       |       |     1 |    39 |     2 ||    42
Armor: Robe              |     1 |    17 |    14 |    15 |    25 |     3 ||    75
Dodge: Dodged            |     8 |    40 |    85 |   105 |   245 |    19 ||   502
       Repelled          |       |       |     1 |     2 |     5 |     1 ||     9
